 Dungeon Crawl Stone Soup version 0.26-a0-710-g95a0c6c400 (webtiles) character file.

Game seed: 16400363101839465196

226 Chiseanne the Vexing (level 5, 0/39 HPs)
             Began as a Demonspawn Wanderer on Oct 30, 2020.
             Was an Initiate of Makhleb.
             Killed themself with a badly aimed iceblast (10 damage)
             ... on level 4 of the Dungeon.
             The game lasted 00:12:00 (4263 turns).

Chiseanne the Vexing (Demonspawn Wanderer)          Turns: 4263, Time: 00:12:00

Health: 0/39       AC:  4    Str: 12    XL:     5   Next: 69%
Magic:  8/8        EV: 12    Int: 14    God:    Makhleb [......]
Gold:   128        SH:  0    Dex: 13    Spells: 6/8 levels left

rFire    . . .     SeeInvis .   a - +0 short sword
rCold    . . .     Faith    .   (no shield)
rNeg     . . .     Spirit   .   d - +1 robe
rPois    .         Reflect  .   j - +0 helmet
rElec    .         Harm     .   (no cloak)
rCorr    .         Rampage  .   (no gloves)
MR       .....                  (no boots)
Stlth    +++.......             (no amulet)
HPRegen  1.13/turn              l - ring of stealth
MPRegen  0.11/turn              (no ring)

@: lethally poisoned (0 -> 0)
A: powered by death 2
a: Renounce Religion


You were on level 4 of the Dungeon.
You worshipped Makhleb.
Makhleb was noncommittal.
You visited 1 branch of the dungeon, and saw 5 of its levels.

You collected 128 gold pieces.

Inventory:

Hand Weapons
 a - a +0 short sword (weapon)
 i - a +0 trident
 w - a +3 hunting sling
Missiles
 e - 83 arrows
 h - 22 sling bullets
Armour
 d - a +1 robe (worn)
 j - a +0 helmet (worn)
Jewellery
 l - a ring of stealth (left hand)
Wands
 m - a wand of random effects (11)
Scrolls
 b - 2 scrolls of amnesia
 c - a scroll of blinking
 g - 4 scrolls of identify
 k - 2 scrolls of remove curse
 o - a scroll of magic mapping
Potions
 f - a potion of curing


   Skills:
 * Level 2.3 Fighting
 * Level 1.2(1.4) Slings
 - Level 1.0(1.2) Throwing
 * Level 2.0 Dodging
 - Level 1.7 Stealth
 * Level 2.0 Spellcasting
 * Level 3.7 Hexes
   Level 1.7 Fire Magic
   Level 2.6 Earth Magic
 - Level 1.0 Evocations


You had 6 spell levels left.
You knew the following spells:

 Your Spells              Type           Power        Failure   Level
a - Ensorcelled Hibernat  Hex/Ice        #.....       17%         2

Your spell library contained the following spells:

 Spells                   Type           Power        Failure   Level
 Corona                   Hex            ##.....      5%          1
 Confusing Touch          Hex            ##......     16%         3
 Tukima's Dance           Hex            ##......     16%         3
 Apportation              Tloc           #.....       24%         1
 Dazzling Flash           Conj/Hex       #.....       32%         3
 Portal Projectile        Hex/Tloc       #.....       32%         3


Dungeon Overview and Level Annotations

Branches:
Dungeon (5/15)
 Temple: D:4-7

Altars:
Elyvilon
Makhleb
Uskayaw
Yredelemnul

Portals:
Abyss: D:4

Annotations:
D:2 1 runed translucent door, Crazy Yiuf
D:4 2 transporters, martbhell's ghost, amateur MiBe


Innate Abilities, Weirdness & Mutations

You regenerate health from kills.


Message History

The adder is heavily wounded.
You feel sick. The adder misses you. The adder barely misses you.
You hit the adder but do no damage.
The adder is heavily wounded.
The adder misses you.
Evoke which item? (* to show all) (? for menu, Esc to quit)
Aiming: Random Effects
Press: ? - help, Shift-Dir - straight line, f - adder
Aim: an adder (heavily wounded)
The adder twists and deforms.
You feel sick. The adder misses you. The adder barely misses you.
Evoke which item? (* to show all) (? for menu, Esc to quit)
Aiming: Random Effects
Press: ? - help, Shift-Dir - straight line, f/p - adder
Aim: an adder (heavily wounded, misshapen and mutated)
The mass of ice explodes!
The iceblast engulfs the adder!
You kill the adder!
Makhleb accepts your kill. The iceblast engulfs you!
You die...

### #...# #.... #...#
#.#.# #...# # #...##
#...# #. #....
..#####...# #.###..#
#.#.......#
#...#.#####.#.###...#
#.#.#.##.......##...#
..
##@.........[#.....
##
#.#..#.##..........
#.##..........#..#..
## ##.##.##.....^...
#.##.##.#.##..#.
#.......#.###.#.
####.####....... #.#
###.)... #.# #.....


There were no monsters in sight!

Vanquished Creatures
  A scorpion (D:4)
  A hound (D:4)
  Robin (D:3)
  A gnoll (D:1)
  2 adders
  An ooze (D:1)
  2 adder skeletons (D:4)
  3 worms
  A dart slug (D:3)
  2 leopard geckos
  7 orcs
  6 giant cockroaches
  13 goblins
  6 hobgoblins (D:3)
  11 kobolds
  3 quokkas (D:3)
  10 bats
  A frilled lizard (D:2)
  4 rats
76 creatures vanquished.

Notes
Turn   | Place    | Note
-------+----------+-------------------------------------------
     0 | D:1      | Chiseanne the Demonspawn Wanderer began the quest for the
                  | Orb.
     0 | D:1      | Chiseanne set off with the following items: a +0 dagger, a
                  | potion of lignification, a +0 robe; and the following
                  | spells available to memorise: Corona, Ensorcelled
                  | Hibernation, Confusing Touch, Tukima's Dance, Apportation,
                  | Dazzling Flash, Portal Projectile
     0 | D:1      | Reached XP level 1. HP: 13/13 MP: 1/1
   206 | D:1      | Gained mutation: You regenerate a little health from kills.
                  | [demonic ancestry]
   206 | D:1      | Reached XP level 2. HP: 10/20 MP: 2/2
   555 | D:1      | Reached skill level 1 in Stealth
   749 | D:1      | Reached skill level 1 in Fighting
   905 | D:2      | Found a white marble altar of Elyvilon.
   922 | D:2      | Learned a level 2 spell: Ensorcelled Hibernation
  1010 | D:2      | Reached skill level 1 in Dodging
  1010 | D:2      | Reached skill level 1 in Spellcasting
  1010 | D:2      | Reached XP level 3. HP: 18/26 MP: 4/4
  1329 | D:2      | Found a hide-covered altar of Uskayaw.
  1891 | D:2      | Found a runed translucent door.
  1892 | D:2      | Noticed Crazy Yiuf
  2626 | D:3      | Noticed Robin
  2686 | D:3      | Gained mutation: You regenerate health from kills. [demonic
                  | ancestry]
  2686 | D:3      | Reached XP level 4. HP: 27/32 MP: 5/5
  2709 | D:3      | Killed Robin
  3087 | D:3      | Found a burning altar of Makhleb.
  3092 | D:3      | Became a worshipper of Makhleb the Destroyer
  3628 | D:4      | Noticed a small abomination
  3642 | D:4      | Noticed martbhell's ghost (amateur MiBe)
  3650 | D:4      | Found a one-way gate to the infinite horrors of the Abyss.
  3654 | D:4      | Found a transporter.
  3670 | D:4      | Found a basalt altar of Yredelemnul.
  3677 | D:4      | Found a transporter.
  3918 | D:4      | Reached skill level 1 in Slings
  3918 | D:4      | Reached XP level 5. HP: 23/38 MP: 7/7
  3939 | D:5      | Entered Level 5 of the Dungeon
  4263 | D:4      | Killed themself with a badly aimed iceblast

Illustrated notes

Levels and vault maps discovered:
D:1:      dpeg_arrival_rooms_c, layout_rooms
D:2:      layout_loops_corners, lemuel_round_altar, elyvilon_altar_5,
          uniq_crazy_yiuf_cottage
D:3:      kennysheep_six_static_rooms, layout_loops_ring,
          lightli_temple_of_fire, uniq_robin
D:4:      layout_loops_cross, okawaru_altar_gauntlet_db,
          gammafunk_ghost_abyssal_escape, yredelemnul_altar_generic
D:5:      layout_gridville, fedhas_altar_3, temple_pool_b

Skill      XL: |  1  2  3  4  5 |
---------------+----------------+-----
Stealth        | 1 |  1.7
Fighting       | 1 2 |  2.3
Dodging        | 1 2 |  2.0
Spellcasting   | 1 2 |  2.0
Slings         | 1 |  1.2
Throwing       | |  1.0
Hexes          | |  3.7
Fire Magic     | |  1.7
Earth Magic    | |  2.6
Evocations     | |  1.0

Action                   |  1- 3 |  4- 6 || total
-------------------------+-------+-------++-------
Melee: Short sword       |   167 |   106 ||   273
       Dagger            |     7 |       ||     7
 Fire: Hunting sling     |       |    46 ||    46
Evoke: Wand              |       |     3 ||     3
  Use: Potion            |     1 |     2 ||     3
       Scroll            |     6 |     4 ||    10
 Stab: Sleeping          |     7 |     7 ||    14
Armor: Skin              |     9 |       ||     9
       Robe              |    37 |    15 ||    52
       Leather armour    |       |     4 ||     4
Dodge: Dodged            |   128 |    61 ||   189

Table legend: (Time is in decaauts)
 A = Elapsed time spent in this place.
 B = Non-inter-level travel time spent in this place.
 C = Inter-level travel time spent in this place.
 D = Time resting spent in this place.
 E = Time spent auto-exploring this place.
 F = Levels seen in this place.
 G = Mean time per level.
                   A        B        C        D        E       F      G
               +--------+--------+--------+--------+--------+-----+--------+
         Total |   4291 |   4190 |    101 |   1249 |   1786 |   5 |  858.2 |
       Dungeon |   4291 |   4190 |    101 |   1249 |   1786 |   5 |  858.2 |
               +--------+--------+--------+--------+--------+-----+--------+

Top non-repeatable levels by time:
     D:2: 1530 daAuts
     D:3: 1185 daAuts
     D:1: 906 daAuts
     D:4: 402 daAuts
     D:5: 266 daAuts
